 Dungeon Crawl Stone Soup version 0.29.0-11-gd7f09526c8 (webtiles) character file.

Game seed: 12044376625955861374

197 sanka the Insei (level 5, -11/42 HPs)
             Began as a Demigod Delver on Sept 2, 2022.
             Mangled by an ogre
             ... wielding a +0 giant club
              (21 damage)
             ... on level 4 of the Dungeon.
             The game lasted 00:05:18 (3331 turns).

sanka the Insei (Demigod Delver)                    Turns: 3331, Time: 00:05:18

Health: -11/42     AC:  5    Str: 13    XL:     5   Next: 22%
Magic:  7/7        EV: 11    Int: 16    God:
Gold:   192        SH:  0    Dex: 15    Spells: 4/4 levels left

rFire   . . .      SeeInvis .     - Unarmed
rCold   . . .      Faith    .   (no shield)
rNeg    . . .      Spirit   .   a - +0 leather armour
rPois   .          Reflect  .   (no helmet)
rElec   .          Harm     .   i - +0 cloak
rCorr   .          Rampage  .   h - +0 pair of gloves
Will    .....                   (no boots)
Stlth   +++.......              (no amulet)
HPRegen 0.14/turn               (no ring)
MPRegen 0.10/turn               (no ring)

@: no status effects
A: high MP 1, forlorn, divine attributes
a: no special abilities


You were on level 4 of the Dungeon.
You visited 1 branch of the dungeon, and saw 5 of its levels.

You collected 192 gold pieces.


Innate Abilities, Weirdness & Mutations

You have an increased reservoir of magic. (+10% MP)
You shall have no god before yourself.
Your divine heritage dramatically boosts your attributes as you level up.


   Skills:
 - Level 2.6 Fighting
 - Level 1.7 Dodging
 - Level 4.5 Stealth
 + Level 5.3 Unarmed Combat


You had 4 spell levels left.
You didn't know any spells.
Your spell library was empty.

Inventory:

Armour
 a - a +0 leather armour (worn)
 h - a +0 pair of gloves (worn)
 i - a +0 cloak (worn)
Magical Staves
 j - a staff of fire
Wands
 f - a wand of digging (3)
Scrolls
 b - 3 scrolls of fog
 c - 2 scrolls of magic mapping
 d - 2 scrolls of vulnerability {!r}
 k - a scroll of noise {!r}
 m - 3 scrolls of teleportation {@r4}
 n - a scroll of amnesia
 p - a scroll of enchant weapon {unknown}
 s - a scroll of poison {unknown}
 t - a scroll of fear
 w - a scroll of acquirement {unknown}
Potions
 e - 2 potions of resistance {unknown}
 g - 2 potions of degeneration {unknown}
 l - a potion of curing {unknown}
 o - a potion of ambrosia {unknown}
 q - 4 potions of attraction {unknown}
 u - 2 potions of brilliance {unknown}
 v - a potion of might {unknown}
 x - a potion of flight {unknown}
 z - a potion of heal wounds {unknown}

Dungeon Overview and Level Annotations

Branches:
Dungeon (5/15)
 Temple: D:4-7

Annotations:
D:2 Sigmund
D:3 2 transporters, Isauros's ghost, amateur MiHu

▒. .▒ . ▒. .▒. ...
▒▒.▒.▒. ... ▒..... ....
▒..▒.▒... ....▒..
▒..▒.▒.▒ ....▒.▒
▒▒▒▒▒▒..O...▒ ....▒.▒
▒.......p.▒.▒ ...▒.▒
▒...........▒ ....▒
▒.......▒▒▒.▒ ▒..▒
▒.......▒▒▒ ▒ ▒▒▒..▒
▒▒.........▒ .....▒
.....<.....▒ .▒ ▒▒▒▒.▒
.▒.........▒ ▒.▒
▒▒▒.▒▒.▒........▒▒.▒.▒
▒▒..................▒.▒▒


You could see an ogre.


Message History

HP restored.
Found a scroll labelled ZEUNGA LONUMOH.
p - a scroll labelled ZEUNGA LONUMOH
Okay, then.
An ogre is nearby!
An ogre is nearby!
The ogre hits you with a +0 giant club!!
Ouch! That really hurt!
* * * LOW HITPOINT WARNING * * *
You hit the ogre.
The ogre is lightly wounded.
The ogre misses you.
You punch the ogre!
The ogre is moderately wounded.
Unknown command.
You hit the ogre.
The ogre is moderately wounded.
The ogre misses you.
Unknown command.
You completely miss the ogre.
The ogre is moderately wounded.
You hit the ogre.
The ogre is heavily wounded.
The ogre hits you with a +0 giant club!
* * * LOW HITPOINT WARNING * * *
You closely miss the ogre.
The ogre is heavily wounded.
The ogre hits you with a +0 giant club!!
Ouch! That really hurt!
You die...

Action                   |  1- 3 |  4- 6 || total
-------------------------+-------+-------++-------
Melee: Unarmed           |   110 |    70 ||   180
       Punch             |     5 |     1 ||     6
  Use: Scroll            |     1 |     5 ||     6
       Potion            |     1 |       ||     1
 Stab: Sleeping          |    13 |     3 ||    16
Armor: Leather armour    |    29 |    23 ||    52
Dodge: Dodged            |    40 |    45 ||    85

Levels and vault maps discovered:
D:1:      dpeg_arrival_stonehenge_8_columns, layout_basic,
          shapermc_ecumenical_altar_mp_ritualfount, minivault_19
D:2:      layout_loops_ring, uniq_sigmund, uniq_jessica
D:3:      layout_loops_ring, eat_drink_and_be_merry_uskayaw,
          mainiacjoe_overflow_tiny_flanked, gammafunk_ghost_mausoleum
D:4:      layout_basic
D:5:      layout_rooms, minitemple, mainiacjoe_overflow_24_doors,
          minmay_temple_entry_statues, serial_bayou, serial_bayou_lagoon_a,
          serial_bayou_shore_a, serial_bayou_shore_b, serial_bayou_shore_b,
          minivault_1, hangedman_decor_riveting, grunt_ministairs_9,
          uniq_crazy_yiuf_cottage

Notes
Turn   | Place    | Note
-------+----------+-------------------------------------------
     0 | D:5      | sanka the Demigod Delver began the quest for the Orb.
     0 | D:5      | Reached XP level 1. HP: 18/18 MP: 3/3
    10 | D:5      | Noticed a hound
   119 | D:3      | Reached skill level 2 in Unarmed Combat
   120 | D:3      | Noticed a scorpion
   145 | D:3      | Noticed a wyvern zombie
   146 | D:3      | Found a transporter.
   167 | D:3      | Found a transporter.
   171 | D:3      | Noticed Isauros's ghost (amateur MiHu)
   206 | D:3      | Reached XP level 2. HP: 22/25 MP: 4/4
   366 | D:2      | Reached skill level 3 in Unarmed Combat
   763 | D:1      | Reached XP level 3. HP: 30/30 MP: 5/5
  1528 | D:4      | Noticed a black bear
  1774 | D:2      | Noticed Jessica
  1789 | D:2      | Killed Jessica
  1790 | D:2      | Reached skill level 4 in Unarmed Combat
  1912 | D:2      | Reached XP level 4. HP: 37/37 MP: 6/6
  2069 | D:2      | Noticed Sigmund
  2957 | D:4      | Reached skill level 5 in Unarmed Combat
  2988 | D:4      | Reached XP level 5. HP: 40/42 MP: 7/7
  3033 | D:4      | Noticed a black bear
  3120 | D:4      | Noticed an ogre
  3331 | D:4      | Mangled by an ogre

Vanquished Creatures
  A scorpion (D:3)
  A hound (D:4)
  Jessica (D:2)
  3 adders
  An ufetubus (D:4)
  A worm (D:3)
  2 dart slugs (D:1)
  An orc (D:4)
  7 endoplasms
  2 giant cockroaches
  5 goblins
  3 hobgoblins
  6 kobolds
  4 quokkas
  A ball python (D:1)
  3 bats
  4 frilled lizards
  2 rats (D:1)
48 creatures vanquished.
